 Dungeon Crawl Stone Soup version 0.25-a0-290-g4a1327ee3a (webtiles) character file.

Game seed: 11695402072250547290, levelgen mode: deterministic

29 1312 the Slasher (level 3, 25/27 HPs)
             Began as a Demonspawn Gladiator on Dec 14, 2019.
             Quit the game on level 1 of the Dungeon.
             The game lasted 00:00:47 (669 turns).

1312 the Slasher (Demonspawn Gladiator)              Turns: 669, Time: 00:00:47

Health: 25/27      AC:  4    Str: 14    XL:     3   Next: 1%
Magic:  3/3        EV: 13    Int:  9    God:
Gold:   51         SH:  0    Dex: 15    Spells: 2/2 levels left

rFire    . . .     SeeInvis .   a - +0 long sword
rCold    . . .     Gourm    .   (no shield)
rNeg     . . .     Faith    .   b - +0 leather armour
rPois    .         Spirit   .   c - +0 helmet
rElec    .         Reflect  .   (no cloak)
rCorr    .         Harm     .   (no gloves)
MR       .....                  (no boots)
Stlth    ++........             (no amulet)
HPRegen  0.09/turn              (no ring)
MPRegen  0.08/turn              (no ring)

@: no status effects
A: hooves 1, nightstalker 1
a: no special abilities


You were on level 1 of the Dungeon.
You were not hungry.

You visited 1 branch of the dungeon, and saw 1 of its levels.

You collected 51 gold pieces.

Inventory:

Hand Weapons
 a - a +0 long sword (weapon)
Missiles
 d - 3 throwing nets (quivered)
Armour
 b - a +0 leather armour (worn)
 c - a +0 helmet (worn)
Jewellery
 e - an uncursed ring of poison resistance {unknown}
Scrolls
 g - a scroll of immolation {unknown}
Comestibles
 f - a ration


   Skills:
 + Level 2.2 Fighting
 + Level 3.2 Long Blades
 + Level 1.8 Throwing
 + Level 0.2 Armour
 + Level 3.1 Dodging


You had 2 spell levels left.
You didn't know any spells.
Your spell library was empty.

Dungeon Overview and Level Annotations

Branches:
Dungeon (1/15)

Altars:


Innate Abilities, Weirdness & Mutations

You have large cloven feet.
You are slightly more attuned to the shadows.


Message History

The hobgoblin barely misses you.
You hit the hobgoblin.
The hobgoblin is severely wounded.
The hobgoblin hits you but does no damage.
You hit the hobgoblin. Your kick misses the hobgoblin.
The hobgoblin is almost dead.
The hobgoblin hits you but does no damage.
The hobgoblin closely misses you.
You barely miss the hobgoblin. Your kick misses the hobgoblin.
The hobgoblin is almost dead.
The hobgoblin barely misses you.
You hit the hobgoblin.
You kill the hobgoblin!
You have reached level 3!
Your experience leads to an increase in your attributes!
Increase (S)trength, (I)ntelligence, or (D)exterity?
Uppercase letters only, please.
You feel agile.
Your demonic ancestry asserts itself...
You slip into the darkness of the dungeon.
Are you sure you want to abandon this character and quit the game? (Confirm with "yes".)

..# ##...##.#.#
..###.#.#.#.#.#
..............#
####
.####.#.#.#.###
###...#
.#............
.......
.#.####.####.##
.......
.#.####.# ..
.......
........#
#######.......
.#.######
#....@.)......
.....#
##.########...#
...#.# #..# #
#..#.# ##.##
#..#.## #...#
#.....# #.#.#
#...#†# #...#
#.....# ###.#
#..#.## ##.##


There were no monsters in sight!

Vanquished Creatures
  A leopard gecko (D:1)
  4 bats (D:1)
  3 giant cockroaches (D:1)
  3 goblins (D:1)
  4 hobgoblins (D:1)
  4 jackals (D:1)
  A frilled lizard (D:1)
  3 rats (D:1)
23 creatures vanquished.

Notes
Turn   | Place    | Note
-------+----------+-------------------------------------------
     0 | D:1      | 1312 the Demonspawn Gladiator began the quest for the Orb.
     0 | D:1      | Reached XP level 1. HP: 16/16 MP: 1/1
   106 | D:1      | Gained mutation: You have large cloven feet. [demonic
                  | ancestry]
   106 | D:1      | Reached XP level 2. HP: 22/22 MP: 2/2
   659 | D:1      | Gained mutation: You are slightly more attuned to the
                  | shadows. [demonic ancestry]
   659 | D:1      | Reached XP level 3. HP: 24/27 MP: 3/3
   669 | D:1      | Quit the game

Levels and vault maps discovered:
D:1:      scummos_arrival_simple_fountains, layout_loops_ring

Skill      XL: |  1  2 |
---------------+-------+-----
Dodging        | 3 |  3.1
Long Blades    | 3 |  3.2
Fighting       | |  2.2
Throwing       | |  1.8
Armour         | |  0.2

Action                   || total
-------------------------++-------
Melee: Long sword        ||    44
       Kick              ||     8
Armor: Leather armour    ||    25
Dodge: Dodged            ||    45
       Rpst.: Long sword ||    19

Table legend:
 A = Non-vault XP
 B = Vault XP
 C = Vault XP percentage of total XP
 D = Non-vault monster count
 E = Vault monster count
 F = Vault count percentage of total count
                 A         B        C        D         E       F
            +---------+---------+-------+---------+---------+-------
      Total |      42 |       0 |   0.0 |      23 |       0 |   0.0
            +---------+---------+-------+---------+---------+-------
        D:1 |      42 |       0 |   0.0 |      23 |       0 |   0.0
            +---------+---------+-------+---------+---------+-------
